 Seeded DCSS version 0.30.1-9-gdf580d7c3d (webtiles) character file.

Game seed: 15660985446129201502 (custom seed)

1135 AccursedSamuel the Cutter (level 8, 0/44 (49) HPs)
             Began as a Tengu Monk on Oct 11, 2023.
             Slain by a wight
             ... wielding a +1 hand axe of freezing
              (1 damage)
             ... on level 6 of the Dungeon.
             The game lasted 00:06:12 (5332 turns).

AccursedSamuel the Cutter (Tengu Monk)              Turns: 5332, Time: 00:06:13

HP:   0/44 (49)     AC: 10    Str: 12      XL:     8   Next: 36%
MP:   9/9           EV:  9    Int: 11      God:
Gold: 364           SH:  0    Dex: 17 (18) Spells: 7/7 levels left

rFire   . . .        e - +4 rapier (speed)
rCold   + . .        d - orb {light}
rNeg    . . .        x - +2 chain mail {rC+}
rPois   .            (helmet restricted)
rElec   .            (no cloak)
rCorr   .            (no gloves)
SInv    .            (boots unavailable)
Will    .....        (no amulet) Stlth
                     (no ring)
HPRegen 0.27/turn    (no ring)
MPRegen 0.11/turn

%: no passive effects
@: flying quickly and evasively, glowing, heavily drained, quick
A: beak, talons 3, nimble flight
a: no special abilities


You were on level 6 of the Dungeon.
You visited 1 branch of the dungeon, and saw 6 of its levels.

You collected 364 gold pieces.

Inventory:

Hand Weapons
 e - a +4 rapier of speed (weapon)
Armour
 d - an orb of light (worn)
 x - a +2 chain mail of cold resistance (worn)
Jewellery
 k - a +4 ring of protection
Wands
 s - a wand of iceblast (2)
Scrolls
 a - 7 scrolls of teleportation {unknown}
 g - 4 scrolls of identify {unknown}
 l - 2 scrolls of enchant armour {unknown}
 m - a scroll of noise {unknown}
 o - a scroll of immolation {unknown}
 q - a scroll of fog {unknown}
 r - 2 scrolls of blinking {unknown}
 t - a scroll of torment {unknown}
Potions
 b - a potion of brilliance {unknown}
 c - a potion of ambrosia
 f - a potion of curing {unknown}
 h - a potion of heal wounds {unknown}
 i - 2 potions of flight {unknown}
 j - 2 potions of magic {unknown}
 n - a potion of degeneration {unknown}
 p - 2 potions of attraction {unknown}
 v - 2 potions of haste {unknown}
 w - 2 potions of lignification {unknown}


   Skills:
 + Level 5.0 Fighting
 + Level 7.1 Short Blades
 + Level 3.9 Axes
 + Level 1.8 Armour
 + Level 5.8 Dodging
 + Level 1.7 Stealth


You had 7 spell levels left.
You didn't know any spells.
Your spell library contained the following spells:

 Spells                   Type           Power      Damage    Failure   Level
 Cigotuvi's Dreadful Rot  Necr/Pois/Air  0%         N/A       100%        2
 Lesser Beckoning         Tloc           0%         N/A       100%        2
 Gell's Gravitas          Tloc           0%         N/A       100%        3
 Ignite Poison            Fire/Tmut/Pois 0%         N/A       100%        3
 Teleport Other           Tloc           0%         N/A       100%        3
 Dispel Undead            Necr           0%         3d6       100%        4
 Sticky Flame             Conj/Fire      0%         2d3       100%        4
 Death Channel            Necr           0%         N/A       100%        6
 Ignition                 Fire           0%         3d3       100%        8


Dungeon Overview and Level Annotations

Branches:
Dungeon (6/15)
 Temple: D:4-7

Altars:
Elyvilon
Ru
Wu Jian

Annotations:
D:2 1 runed translucent door, Crazy Yiuf


Innate Abilities, Weirdness & Mutations

You have a beak for a mouth.
You have claws for feet.
Your magical nature lets you fly swiftly and evasively.


Message History

You claw the shadow imp, but do no damage.
The shadow imp is heavily wounded.
You barely miss the shadow imp.
You claw the shadow imp, but do no damage.
The shadow imp is heavily wounded.
The shadow imp closely misses you. The wight hits you with a +3 war axe.
You feel drained.
You hit the shadow imp. You claw the shadow imp.
You kill the shadow imp!
You hit the wight but do no damage. The wight misses you.
A wight comes into view. It is wielding a +0 trident.
The wight barely misses you.
You hit the wight but do no damage. You claw the wight, but do no damage.
You peck the wight.
The wight is lightly damaged.
You barely miss the wight.
The wight is lightly damaged.
The wight hits you with a +3 war axe!
The wight hits you with a +1 hand axe of freezing.
You feel drained.
You hit the wight but do no damage. Your kick misses the wight.
The wight is lightly damaged.
The wight hits you with a +3 war axe!
* * * LOW HITPOINT WARNING * * *
You feel drained.
* * * LOW HITPOINT WARNING * * *
The wight hits you but does no damage.
You barely miss the wight. You claw the wight, but do no damage.
The wight is lightly damaged.
You hit the wight.
The wight is moderately damaged.
The wight hits you but does no damage.
You hit the wight. You claw the wight. You peck the wight, but do no damage.
The wight is heavily damaged.
You hit the wight.
The wight is severely damaged.
The wight hits you with a +1 hand axe of freezing.
* * * LOW HITPOINT WARNING * * *
The wight freezes you.
You die...

#.......# .$.
#.......# ... .
#.......# .... ..
#.<.....# .....
...#.......##.....
..................
............#####.
#.....#.....$.#
###......$@z).#
.#..#≈≈.z...≈≈≈#
.##..#≈...≈≈..≈..≈
#......≈≈.....
....≈...z...≈≈≈
.........≈≈.....
#...≈...≈≈..≈..≈≈
...#≈≈[....≈≈≈##


You could see 3 wights.

Vanquished Creatures
  Sigmund (D:4)
  Edmund (D:5)
  An ogre (D:5)
  2 scorpions
  A wight (D:6)
  2 hounds
  3 quasits (D:5)
  3 orc priests
  3 iguanas
  Jessica (D:2)
  A sleepcap (D:5)
  Ijyb (D:4)
  3 adders
  4 shadow imps
  2 white imps (D:5)
  5 ufetubi
  A worm (D:4)
  4 dart slugs
  10 orcs
  9 endoplasms
  2 giant cockroaches (D:2)
  8 goblins
  9 hobgoblins
  6 kobolds
  6 quokkas
  6 ball pythons
  3 bats
  7 frilled lizards
  8 rats
  A spectral kobold (D:2)
114 creatures vanquished.

Notes
Turn   | Place    | Note
-------+----------+-------------------------------------------
     0 | D:1      | AccursedSamuel the Tengu Monk began the quest for the Orb.
     0 | D:1      | Reached XP level 1. HP: 14/14 MP: 2/2
    83 | D:1      | Reached XP level 2. HP: 19/19 MP: 3/3
    87 | D:1      | Identified a scroll of acquirement
    87 | D:1      | Acquired a +4 rapier of speed
   643 | D:1      | Reached XP level 3. HP: 23/23 MP: 4/4
  1144 | D:2      | Noticed Jessica
  1149 | D:2      | Killed Jessica
  1150 | D:2      | Reached skill level 1 in Short Blades
  1150 | D:2      | Reached XP level 4. HP: 22/28 MP: 5/5
  1409 | D:2      | Found a faded altar of an unknown god.
  1513 | D:2      | Found a runed translucent door.
  1514 | D:2      | Noticed Crazy Yiuf
  1933 | D:3      | Reached skill level 2 in Short Blades
  1933 | D:3      | Gained mutation: Your magical nature lets you fly swiftly
                  | and evasively. [Tengu growth]
  1933 | D:3      | Reached XP level 5. HP: 31/33 MP: 6/6
  2161 | D:3      | Found an ornate altar of the Wu Jian Council.
  2552 | D:4      | Reached skill level 3 in Short Blades
  2755 | D:4      | Reached XP level 6. HP: 38/38 MP: 7/7
  2843 | D:4      | Reached skill level 4 in Short Blades
  3000 | D:4      | Noticed Sigmund
  3002 | D:4      | Noticed Ijyb
  3017 | D:4      | Killed Sigmund
  3018 | D:4      | Reached skill level 5 in Short Blades
  3018 | D:4      | Reached skill level 1 in Stealth
  3018 | D:4      | Reached XP level 7. HP: 30/44 MP: 8/8
  3025 | D:4      | Killed Ijyb
  3026 | D:4      | Reached skill level 5 in Dodging
  3847 | D:5      | Entered Level 5 of the Dungeon
  3939 | D:5      | Found a sacrificial altar of Ru.
  3943 | D:5      | Reached skill level 6 in Short Blades
  4379 | D:5      | Noticed Edmund
  4400 | D:5      | Killed Edmund
  4401 | D:5      | Reached XP level 8. HP: 26/48 MP: 9/9
  4649 | D:5      | Found a white marble altar of Elyvilon.
  4869 | D:5      | Reached skill level 1 in Armour
  4961 | D:5      | Reached skill level 5 in Fighting
  4961 | D:5      | Reached skill level 7 in Short Blades
  5332 | D:6      | HP: 1/44 [wight/+1 hand axe of freezing (6)]
  5332 | D:6      | Slain by a wight

Illustrated notes

Levels and vault maps discovered:
D:1:      minmay_arrival_pointy, layout_loops_ring, minmay_gold_behind_fungi
D:2:      layout_basic, dreamdust_ecumenical_altar_drowned_temple,
          hangedman_decor_clover_reticule, fountainhead,
          uniq_crazy_yiuf_cottage, uniq_jessica
D:3:      layout_loops_ring, general_overflow_altar, serial_bayou_pond_d
D:4:      layout_basic, nicolae_eternal_life, uniq_ijyb, uniq_sigmund
D:5:      layout_layer_cave, mainiacjoe_overflow_small_starburst,
          elyvilon_altar_1, serial_demonic, serial_demonic_e, serial_demonic_b,
          serial_demonic_e, serial_demonic_a, serial_demonic_e,
          serial_demonic_e, serial_demonic_g, serial_demonic_a,
          serial_demonic_d, serial_demonic_g, uniq_edmund
D:6:      layout_basic, nicolae_uskayaw_suspiria, ebering_ghost_rock_garden,
          minivault_22, uniq_menkaure

Skill      XL: |  1  2  3  4  5  6  7  8 |
---------------+-------------------------+-----
Short Blades   | 1 2 3 5 6 7 |  7.1
Dodging        | 4 5 |  5.8
Fighting       | 4 5 |  5.0
Stealth        | 1 |  1.7
Armour         | 1 |  1.8
Axes           | |  3.9

Action                     |  1- 3 |  4- 6 |  7- 9 || total
---------------------------+-------+-------+-------++-------
  Melee: Hand axe          |    11 |       |       ||    11
         Kick              |    12 |    19 |    60 ||    91
         Peck              |     4 |    14 |    35 ||    53
         Rapier            |    42 |    82 |   133 ||   257
    Use: Scroll            |     1 |       |       ||     1
 Armour: Robe              |     7 |    12 |     1 ||    20
         Scale mail        |       |       |     5 ||     5
         Chain mail        |       |       |    45 ||    45
  Dodge: Dodged            |    33 |    62 |    74 ||   169
